3131 views
Uploaded 2020-01-10 14:01:15
Game version 1.32.0.5
120:44 long 3on3 ladder game on (6)UpperKingdom
Saved by BEARAND
3131 views
Uploaded 2020-01-10 14:01:15
Game version 1.32.0.5
120:44 long 3on3 ladder game on (6)UpperKingdom


159 units @ 23k
/ 3.1k
426 buildings @ 28.6k
/ 15.7k
BEARAND
(120:58) : 


| Staff of Sanctuary | 3 | 750 |
| Mechanical Critter | 12 | 600 |
| Scroll of Town Portal | 3 | 1050 |
| Healing Salve | 3 | 300 |
| Orb of Lightning | 3 | 1125 |
| Tiny Great Hall | 1 | 600 |
| Scroll of Speed | 1 | 50 |
| total: | 26 | 4475g |
| Peasant | 25 | 1875 | / | 0 |
| Gryphon Rider | 14 | 3920 | / | 980 |
| Priest | 1 | 135 | / | 10 |
| Dragonhawk Rider | 19 | 3800 | / | 570 |
| total: | 59 | 9730g | / | 1560w |
| Scout Tower | 112 | 3360 | / | 2240 |
| Arcane Tower | 8 | 560 | / | 400 |
| Guard Tower | 89 | 6230 | / | 4450 |
| Altar of Kings | 2 | 360 | / | 100 |
| Farm | 20 | 1600 | / | 400 |
| Lumber Mill | 2 | 240 | / | 0 |
| Town Hall | 2 | 770 | / | 410 |
| Blacksmith | 1 | 140 | / | 60 |
| Arcane Vault | 1 | 130 | / | 30 |
| Barracks | 1 | 160 | / | 60 |
| Arcane Sanctum | 1 | 150 | / | 140 |
| Gryphon Aviary | 4 | 560 | / | 600 |
| Keep | 2 | 640 | / | 420 |
| Castle | 2 | 720 | / | 420 |
| total: | 146 | 7470g | / | 4040w |
| 0:03 | Peasant |
| 0:03 | Peasant |
| 0:03 | Peasant |
| 0:06 | Altar of Kings |
| 0:20 | Farm |
| 0:24 | Peasant |
| 0:39 | Peasant |
| 0:52 | Scout Tower |
| 0:54 | Farm |
| 1:00 | Farm |
| 1:01 | Peasant |
| 1:06 | Lumber Mill |
| 1:31 | Scout Tower |
| 1:33 | Peasant |
| 1:48 | Scout Tower |
| 1:52 | Peasant |
| 1:53 | Peasant |
| 1:54 | Peasant |
| 1:58 | Arcane Tower |
| 1:59 | Scout Tower |
| 2:05 | Peasant |
| 2:10 | Blizzard |
| 2:31 | Guard Tower |
| 2:33 | Scout Tower |
| 2:37 | Scout Tower |
| 3:03 | Guard Tower |
| 3:04 | Scout Tower |
| 3:05 | Scout Tower |
| 3:05 | Guard Tower |
| 3:19 | Brilliance Aura |
| 3:25 | Peasant |
| 3:26 | Peasant |
| 3:26 | Peasant |
| 3:26 | Peasant |
| 3:26 | Peasant |
| 3:27 | Improved Masonry |
| 3:44 | Healing Salve |
| 4:03 | Peasant |
| 4:03 | Peasant |
| 4:23 | Farm |
| 4:24 | Farm |
| 4:27 | Guard Tower |
| 4:31 | Scout Tower |
| 4:32 | Scout Tower |
| 4:32 | Scout Tower |
| 4:54 | Peasant |
| 4:55 | Peasant |
| 4:55 | Peasant |
| 5:02 | Guard Tower |
| 5:29 | Guard Tower |
| 5:47 | Keep |
| 6:02 | Scout Tower |
| 6:03 | Scout Tower |
| 6:04 | Scout Tower |
| 6:05 | Scout Tower |
| 6:14 | Farm |
| 6:15 | Scout Tower |
| 6:16 | Scout Tower |
| 6:33 | Guard Tower |
| 6:33 | Guard Tower |
| 6:52 | Scout Tower |
| 6:52 | Scout Tower |
| 6:57 | Guard Tower |
| 6:58 | Guard Tower |
| 7:09 | Arcane Tower |
| 7:12 | Guard Tower |
| 7:50 | Town Hall |
| 8:11 | Guard Tower |
| 8:12 | Scout Tower |
| 8:38 | Farm |
| 9:09 | Guard Tower |
| 9:12 | Scout Tower |
| 9:37 | Scout Tower |
| 9:38 | Scout Tower |
| 9:38 | Scout Tower |
| 9:39 | Scout Tower |
| 9:39 | Scout Tower |
| 9:52 | Storm Bolt |
| 10:45 | Blizzard |
| 10:51 | Scout Tower |
| 10:52 | Scout Tower |
| 10:57 | Peasant |
| 11:01 | Castle |
| 11:02 | Advanced Masonry |
| 11:03 | Improved Lumber Harvesting |
| 11:37 | Guard Tower |
| 11:37 | Guard Tower |
| 11:48 | Farm |
| 11:48 | Farm |
| 11:57 | Guard Tower |
| 12:01 | Guard Tower |
| 12:16 | Arcane Tower |
| 12:16 | Guard Tower |
| 12:18 | Arcane Sanctum |
| 12:42 | Guard Tower |
| 12:45 | Scout Tower |
| 12:46 | Scout Tower |
| 12:53 | Peasant |
| 12:53 | Peasant |
| 12:54 | Peasant |
| 13:26 | Imbued Masonry |
| 13:27 | Advanced Lumber Harvesting |
| 13:41 | Guard Tower |
| 14:03 | Gryphon Aviary |
| 14:09 | Blacksmith |
| 14:22 | Holy Light |
| 14:25 | Arcane Vault |
| 14:28 | Healing Salve |
| 14:41 | Scout Tower |
| 14:43 | Scout Tower |
| 14:43 | Scout Tower |
| 14:44 | Scout Tower |
| 14:44 | Scout Tower |
| 14:45 | Scout Tower |
| 14:49 | Magic Sentry |
| 15:32 | Guard Tower |
| 15:41 | Gryphon Rider |
| 15:41 | Gryphon Rider |
| 15:50 | Staff of Sanctuary |
| 17:26 | Orb of Lightning |
| 17:32 | Guard Tower |
| 17:33 | Scout Tower |
| 17:34 | Scout Tower |
| 17:34 | Scout Tower |
| 17:35 | Scout Tower |
| 17:35 | Scout Tower |
| 18:24 | Staff of Sanctuary |
| 18:51 | Guard Tower |
| 18:54 | Scout Tower |
| 18:55 | Scout Tower |
| 19:14 | Storm Hammers |
| 19:14 | Cloud |
| 19:17 | Iron Forged Swords |
| 19:17 | Studded Leather Armor |
| 19:18 | Lumber Mill |
| 19:20 | Barracks |
| 19:27 | Arcane Tower |
| 19:28 | Guard Tower |
| 19:28 | Guard Tower |
| 20:37 | Staff of Sanctuary |
| 20:40 | Healing Salve |
| 20:41 | Priest |
| 20:42 | Priest Adept Training |
| 20:52 | Guard Tower |
| 20:54 | Guard Tower |
| 20:55 | Scout Tower |
| 20:56 | Scout Tower |
| 20:57 | Scout Tower |
| 20:58 | Scout Tower |
| 20:58 | Scout Tower |
| 21:16 | Scroll of Town Portal |
| 21:29 | Orb of Lightning |
| 21:41 | Dragonhawk Rider |
| 22:16 | Town Hall |
| 22:19 | Scout Tower |
| 22:20 | Scout Tower |
| 22:20 | Scout Tower |
| 22:20 | Scout Tower |
| 22:23 | Scout Tower |
| 22:24 | Scout Tower |
| 22:24 | Scout Tower |
| 22:25 | Scout Tower |
| 22:34 | Scout Tower |
| 22:34 | Scout Tower |
| 22:35 | Scout Tower |
| 22:35 | Scout Tower |
| 22:36 | Scout Tower |
| 22:36 | Scout Tower |
| 22:37 | Scout Tower |
| 22:38 | Scout Tower |
| 22:39 | Scout Tower |
| 22:39 | Scout Tower |
| 22:41 | Scout Tower |
| 22:41 | Scout Tower |
| 22:42 | Scout Tower |
| 22:42 | Scout Tower |
| 22:59 | Guard Tower |
| 22:59 | Guard Tower |
| 23:13 | Scout Tower |
| 23:14 | Scout Tower |
| 23:24 | Arcane Tower |
| 23:24 | Guard Tower |
| 23:26 | Guard Tower |
| 23:26 | Guard Tower |
| 23:27 | Guard Tower |
| 23:27 | Guard Tower |
| 24:09 | Guard Tower |
| 24:09 | Guard Tower |
| 24:35 | Arcane Tower |
| 24:36 | Guard Tower |
| 24:46 | Guard Tower |
| 24:48 | Scout Tower |
| 25:36 | Bash |
| 26:39 | Guard Tower |
| 26:41 | Scout Tower |
| 26:41 | Scout Tower |
| 26:44 | Guard Tower |
| 27:56 | Guard Tower |
| 27:57 | Scout Tower |
| 27:58 | Scout Tower |
| 27:58 | Scout Tower |
| 27:59 | Scout Tower |
| 27:59 | Scout Tower |
| 28:14 | Animal War Training |
| 28:15 | Steel Forged Swords |
| 28:15 | Reinforced Leather Armor |
| 28:24 | Guard Tower |
| 28:35 | Arcane Tower |
| 28:35 | Guard Tower |
| 28:48 | Guard Tower |
| 29:12 | Mechanical Critter |
| 29:12 | Mechanical Critter |
| 29:12 | Mechanical Critter |
| 29:40 | Farm |
| 29:41 | Farm |
| 29:42 | Farm |
| 29:42 | Farm |
| 29:44 | Farm |
| 29:45 | Farm |
| 29:49 | Gryphon Aviary |
| 30:14 | Guard Tower |
| 30:15 | Guard Tower |
| 30:15 | Guard Tower |
| 30:24 | Scout Tower |
| 30:25 | Scout Tower |
| 30:25 | Scout Tower |
| 30:26 | Scout Tower |
| 31:13 | Guard Tower |
| 31:56 | Mithril Forged Swords |
| 31:56 | Dragonhide Armor |
| 32:09 | Guard Tower |
| 32:10 | Arcane Tower |
| 32:10 | Guard Tower |
| 36:26 | Scout Tower |
| 37:44 | Scout Tower |
| 37:45 | Scout Tower |
| 37:45 | Scout Tower |
| 37:46 | Scout Tower |
| 37:47 | Divine Shield |
| 38:06 | Guard Tower |
| 38:09 | Scout Tower |
| 38:10 | Scout Tower |
| 38:10 | Scout Tower |
| 38:11 | Scout Tower |
| 38:11 | Scout Tower |
| 38:11 | Scout Tower |
| 38:12 | Scout Tower |
| 38:12 | Scout Tower |
| 38:30 | Scout Tower |
| 38:31 | Scout Tower |
| 38:32 | Scout Tower |
| 38:33 | Scout Tower |
| 38:34 | Scout Tower |
| 38:34 | Scout Tower |
| 38:54 | Guard Tower |
| 39:15 | Guard Tower |
| 39:19 | Guard Tower |
| 39:19 | Guard Tower |
| 39:20 | Guard Tower |
| 39:56 | Guard Tower |
| 39:56 | Guard Tower |
| 39:56 | Guard Tower |
| 40:02 | Scout Tower |
| 40:03 | Scout Tower |
| 40:03 | Scout Tower |
| 40:04 | Scout Tower |
| 40:08 | Scout Tower |
| 40:08 | Scout Tower |
| 40:09 | Scout Tower |
| 40:09 | Scout Tower |
| 40:10 | Scout Tower |
| 40:46 | Guard Tower |
| 40:59 | Guard Tower |
| 40:59 | Guard Tower |
| 41:53 | Guard Tower |
| 41:53 | Guard Tower |
| 41:55 | Guard Tower |
| 43:19 | Brilliance Aura |
| 43:31 | Guard Tower |
| 43:54 | Storm Bolt |
| 44:02 | Scroll of Town Portal |
| 44:24 | Scroll of Town Portal |
| 44:28 | Mechanical Critter |
| 44:28 | Mechanical Critter |
| 50:07 | Mechanical Critter |
| 50:07 | Mechanical Critter |
| 50:45 | Mechanical Critter |
| 50:45 | Mechanical Critter |
| 51:02 | Dragonhawk Rider |
| 54:14 | Tiny Great Hall |
| 56:45 | Mechanical Critter |
| 56:45 | Mechanical Critter |
| 56:45 | Mechanical Critter |
| 57:47 | Priest Master Training |
| 58:02 | Dragonhawk Rider |
| 58:04 | Dragonhawk Rider |
| 58:23 | Orb of Lightning |
| 58:35 | Dragonhawk Rider |
| 58:35 | Dragonhawk Rider |
| 58:36 | Dragonhawk Rider |
| 58:36 | Dragonhawk Rider |
| 58:36 | Dragonhawk Rider |
| 58:36 | Dragonhawk Rider |
| 58:36 | Dragonhawk Rider |
| 58:36 | Dragonhawk Rider |
| 59:14 | Scroll of Speed |
| 59:28 | Gryphon Aviary |
| 59:33 | Gryphon Aviary |
| 60:16 | Dragonhawk Rider |
| 60:16 | Dragonhawk Rider |
| 60:16 | Gryphon Rider |
| 60:16 | Gryphon Rider |
| 60:18 | Dragonhawk Rider |
| 60:18 | Dragonhawk Rider |
| 60:19 | Dragonhawk Rider |
| 60:19 | Dragonhawk Rider |
| 60:20 | Dragonhawk Rider |
| 60:38 | Gryphon Rider |
| 60:39 | Gryphon Rider |
| 60:40 | Gryphon Rider |
| 60:40 | Gryphon Rider |
| 60:49 | Gryphon Rider |
| 60:49 | Gryphon Rider |
| 60:55 | Farm |
| 60:58 | Gryphon Rider |
| 60:58 | Gryphon Rider |
| 60:59 | Gryphon Rider |
| 61:00 | Gryphon Rider |
| 61:01 | Farm |
| 61:03 | Farm |
| 89:12 | Farm |
| 89:17 | Farm |
| 90:43 | Altar of Kings |
| 107:31 | Holy Light |
| 113:45 | Divine Shield |
| 113:53 | Bash |
| 114:14 | Blizzard |
| Right click | 5971 |
| Select | 1944 |
| Select group | 1762 |
| Chat | 1425 |
| Build/train/purchase | 480 |
| Use ability | 261 |
| Misc. action | 226 |
| Minimap ping | 45 |
| Assign group | 42 |
| Resource trade | 42 |
| Item give/drop | 6 |
| Remove unit | 5 |
| Esc | 1 |
IcebergSlim
(120:58) : 

| Healing Salve | 3 | 300 |
| Lesser Clarity Potion | 2 | 140 |
| Orb of Lightning | 2 | 750 |
| Tiny Great Hall | 1 | 600 |
| Scroll of Town Portal | 2 | 700 |
| Staff of Sanctuary | 2 | 500 |
| total: | 12 | 2990g |
| Peon | 18 | 1350 | / | 0 |
| Troll Batrider | 9 | 1440 | / | 360 |
| Kodo Beast | 1 | 255 | / | 60 |
| Wind Rider | 3 | 795 | / | 120 |
| total: | 31 | 3840g | / | 540w |
| Watch Tower | 38 | 4180 | / | 3040 |
| Altar of Storms | 2 | 360 | / | 100 |
| Orc Burrow | 10 | 1600 | / | 400 |
| War Mill | 2 | 410 | / | 0 |
| Voodoo Lounge | 3 | 390 | / | 90 |
| Great Hall | 6 | 2310 | / | 1110 |
| Beastiary | 7 | 1015 | / | 980 |
| Stronghold | 1 | 315 | / | 190 |
| Fortress | 1 | 325 | / | 190 |
| total: | 68 | 10265g | / | 5720w |
| 0:02 | Peon |
| 0:02 | Peon |
| 0:05 | Altar of Storms |
| 0:18 | Orc Burrow |
| 0:22 | Peon |
| 0:39 | Peon |
| 0:49 | War Mill |
| 1:00 | Voodoo Lounge |
| 1:04 | Peon |
| 1:16 | Peon |
| 1:27 | Peon |
| 1:35 | Peon |
| 2:00 | Watch Tower |
| 2:03 | Peon |
| 2:07 | Orc Burrow |
| 2:10 | Wind Walk |
| 2:13 | Healing Salve |
| 2:20 | Peon |
| 2:36 | Watch Tower |
| 3:06 | Watch Tower |
| 3:08 | Peon |
| 3:08 | Peon |
| 3:33 | Peon |
| 3:35 | Watch Tower |
| 3:39 | Watch Tower |
| 4:03 | Stronghold |
| 4:12 | Voodoo Lounge |
| 4:32 | Watch Tower |
| 4:42 | Watch Tower |
| 5:34 | Orc Burrow |
| 5:36 | Spiked Barricades |
| 5:39 | Watch Tower |
| 5:44 | Lesser Clarity Potion |
| 5:46 | Healing Salve |
| 5:47 | Watch Tower |
| 5:54 | Voodoo Lounge |
| 6:37 | Reinforced Defenses |
| 6:40 | Peon |
| 6:50 | Critical Strike |
| 7:16 | Great Hall |
| 7:29 | Hex |
| 7:32 | Watch Tower |
| 7:52 | Watch Tower |
| 8:12 | Fortress |
| 8:23 | Beastiary |
| 8:37 | Watch Tower |
| 8:54 | Watch Tower |
| 9:27 | Beastiary |
| 9:40 | Watch Tower |
| 9:50 | Peon |
| 9:50 | Peon |
| 9:50 | Peon |
| 9:51 | Peon |
| 10:01 | Watch Tower |
| 10:17 | Beastiary |
| 10:30 | Beastiary |
| 10:44 | Watch Tower |
| 11:04 | Watch Tower |
| 11:25 | Healing Wave |
| 11:34 | Troll Batrider |
| 11:53 | Watch Tower |
| 12:17 | Wind Walk |
| 12:40 | Watch Tower |
| 12:57 | Watch Tower |
| 12:59 | Troll Batrider |
| 13:23 | Steel Ranged Weapons |
| 13:23 | Improved Spiked Barricades |
| 13:45 | Watch Tower |
| 14:03 | Watch Tower |
| 14:12 | Orb of Lightning |
| 14:18 | Healing Salve |
| 14:33 | Thorium Ranged Weapons |
| 14:50 | Watch Tower |
| 15:38 | Watch Tower |
| 16:22 | Troll Batrider |
| 17:30 | Arcanite Ranged Weapons |
| 17:30 | Steel Armor |
| 17:32 | Watch Tower |
| 17:34 | Watch Tower |
| 18:09 | Troll Batrider |
| 18:10 | Troll Batrider |
| 18:36 | Watch Tower |
| 18:59 | Critical Strike |
| 19:55 | Watch Tower |
| 20:27 | Beastiary |
| 20:30 | Beastiary |
| 20:41 | Thorium Armor |
| 21:08 | Watch Tower |
| 22:11 | Watch Tower |
| 22:30 | Arcanite Armor |
| 23:27 | Healing Wave |
| 23:31 | Altar of Storms |
| 24:15 | Staff of Sanctuary |
| 24:36 | Watch Tower |
| 25:22 | Liquid Fire |
| 25:47 | Watch Tower |
| 27:54 | Beastiary |
| 27:59 | Orc Burrow |
| 28:01 | Orc Burrow |
| 28:16 | Orc Burrow |
| 28:27 | War Mill |
| 30:19 | Troll Batrider |
| 31:22 | Wind Walk |
| 33:20 | Troll Batrider |
| 33:48 | Watch Tower |
| 34:18 | Orb of Lightning |
| 34:41 | Staff of Sanctuary |
| 35:24 | Watch Tower |
| 36:13 | Troll Batrider |
| 36:40 | Troll Batrider |
| 38:14 | Watch Tower |
| 39:15 | Bladestorm |
| 40:10 | Watch Tower |
| 41:36 | Watch Tower |
| 42:52 | Watch Tower |
| 50:21 | Lesser Clarity Potion |
| 51:45 | Critical Strike |
| 53:21 | Tiny Great Hall |
| 54:59 | Scroll of Town Portal |
| 57:24 | Orc Burrow |
| 58:57 | War Drums Damage Increase |
| 60:44 | Kodo Beast |
| 60:52 | Ensnare |
| 60:58 | Orc Burrow |
| 61:01 | Orc Burrow |
| 61:02 | Orc Burrow |
| 61:53 | Envenomed Spears |
| 62:37 | Wind Rider |
| 63:17 | Wind Rider |
| 63:38 | Wind Rider |
| 64:33 | Scroll of Town Portal |
| 113:42 | Hex |
| 113:55 | Mirror Image |
| 117:32 | Great Hall |
| 117:35 | Great Hall |
| 117:40 | Great Hall |
| 118:29 | Great Hall |
| 118:35 | Great Hall |
| Right click | 5671 |
| Chat | 2837 |
| Select group | 1180 |
| Select | 1121 |
| Misc. action | 385 |
| Build/train/purchase | 183 |
| Use ability | 131 |
| Assign group | 28 |
| Minimap ping | 20 |
| Resource trade | 16 |
| Item give/drop | 6 |
| Remove unit | 3 |
| Esc | 3 |



| Staff of Sanctuary | 3 | 750 |
| Mechanical Critter | 4 | 200 |
| Ivory Tower | 2 | 80 |
| Orb of Fire | 8 | 2600 |
| Scroll of Town Portal | 3 | 1050 |
| Healing Salve | 2 | 200 |
| Orb of Lightning | 3 | 1125 |
| total: | 25 | 6005g |
| Peasant | 33 | 2475 | / | 0 |
| Dragonhawk Rider | 30 | 6000 | / | 900 |
| Sorceress | 3 | 465 | / | 60 |
| Mortar Team | 1 | 180 | / | 70 |
| Priest | 2 | 270 | / | 20 |
| total: | 69 | 9390g | / | 1050w |
| Scout Tower | 178 | 5340 | / | 3560 |
| Arcane Tower | 9 | 630 | / | 450 |
| Guard Tower | 77 | 5390 | / | 3850 |
| Altar of Kings | 2 | 360 | / | 100 |
| Farm | 13 | 1040 | / | 260 |
| Lumber Mill | 4 | 480 | / | 0 |
| Town Hall | 6 | 2310 | / | 1230 |
| Arcane Vault | 2 | 260 | / | 60 |
| Barracks | 2 | 320 | / | 120 |
| Blacksmith | 1 | 140 | / | 60 |
| Arcane Sanctum | 1 | 150 | / | 140 |
| Gryphon Aviary | 2 | 280 | / | 300 |
| Workshop | 1 | 140 | / | 140 |
| Keep | 3 | 960 | / | 630 |
| Castle | 2 | 720 | / | 420 |
| total: | 212 | 10820g | / | 5970w |
| 0:02 | Peasant |
| 0:06 | Altar of Kings |
| 0:17 | Peasant |
| 0:21 | Farm |
| 0:26 | Peasant |
| 0:30 | Peasant |
| 0:42 | Peasant |
| 0:45 | Peasant |
| 0:52 | Lumber Mill |
| 0:55 | Peasant |
| 1:02 | Peasant |
| 1:07 | Farm |
| 1:18 | Scout Tower |
| 1:25 | Scout Tower |
| 1:27 | Peasant |
| 1:34 | Peasant |
| 1:42 | Peasant |
| 1:53 | Peasant |
| 1:56 | Arcane Tower |
| 2:00 | Peasant |
| 2:12 | Peasant |
| 2:15 | Blizzard |
| 2:20 | Arcane Tower |
| 2:21 | Scout Tower |
| 2:26 | Scout Tower |
| 2:35 | Peasant |
| 2:36 | Peasant |
| 3:02 | Guard Tower |
| 3:03 | Scout Tower |
| 3:05 | Scout Tower |
| 3:05 | Guard Tower |
| 3:06 | Peasant |
| 3:09 | Farm |
| 3:16 | Brilliance Aura |
| 3:21 | Peasant |
| 3:21 | Peasant |
| 3:34 | Guard Tower |
| 3:38 | Scout Tower |
| 3:40 | Scout Tower |
| 3:41 | Guard Tower |
| 3:45 | Healing Salve |
| 3:57 | Peasant |
| 4:04 | Scout Tower |
| 4:05 | Guard Tower |
| 4:33 | Guard Tower |
| 4:34 | Scout Tower |
| 4:36 | Scout Tower |
| 4:37 | Guard Tower |
| 4:39 | Peasant |
| 4:41 | Improved Masonry |
| 5:02 | Guard Tower |
| 5:04 | Scout Tower |
| 5:05 | Scout Tower |
| 5:06 | Guard Tower |
| 5:36 | Guard Tower |
| 5:38 | Scout Tower |
| 5:40 | Scout Tower |
| 5:40 | Guard Tower |
| 5:41 | Scout Tower |
| 5:47 | Keep |
| 6:09 | Guard Tower |
| 6:10 | Scout Tower |
| 6:12 | Scout Tower |
| 6:12 | Guard Tower |
| 7:12 | Town Hall |
| 7:18 | Blizzard |
| 7:21 | Guard Tower |
| 7:27 | Scout Tower |
| 7:28 | Scout Tower |
| 7:49 | Guard Tower |
| 7:51 | Scout Tower |
| 7:53 | Scout Tower |
| 7:58 | Arcane Vault |
| 8:28 | Guard Tower |
| 8:29 | Scout Tower |
| 8:29 | Scout Tower |
| 8:36 | Scout Tower |
| 8:37 | Scout Tower |
| 8:38 | Scout Tower |
| 8:42 | Castle |
| 8:43 | Arcane Sanctum |
| 8:45 | Advanced Masonry |
| 8:49 | Improved Lumber Harvesting |
| 8:53 | Peasant |
| 8:53 | Peasant |
| 8:54 | Guard Tower |
| 8:58 | Arcane Tower |
| 9:11 | Brilliance Aura |
| 9:14 | Scout Tower |
| 9:15 | Scout Tower |
| 9:15 | Scout Tower |
| 9:16 | Scout Tower |
| 9:26 | Guard Tower |
| 9:27 | Scout Tower |
| 9:28 | Scout Tower |
| 9:28 | Scout Tower |
| 9:37 | Scout Tower |
| 9:38 | Scout Tower |
| 9:38 | Scout Tower |
| 9:39 | Scout Tower |
| 9:43 | Peasant |
| 9:43 | Peasant |
| 9:43 | Peasant |
| 9:43 | Peasant |
| 10:04 | Scout Tower |
| 10:05 | Scout Tower |
| 10:05 | Scout Tower |
| 10:07 | Peasant |
| 10:07 | Peasant |
| 10:10 | Guard Tower |
| 10:33 | Guard Tower |
| 10:47 | Guard Tower |
| 10:53 | Guard Tower |
| 11:02 | Arcane Tower |
| 11:05 | Advanced Lumber Harvesting |
| 11:33 | Guard Tower |
| 11:35 | Scout Tower |
| 11:35 | Scout Tower |
| 11:36 | Scout Tower |
| 11:36 | Scout Tower |
| 11:37 | Scout Tower |
| 11:38 | Scout Tower |
| 11:40 | Guard Tower |
| 11:45 | Guard Tower |
| 11:48 | Scout Tower |
| 11:48 | Scout Tower |
| 11:50 | Scout Tower |
| 11:50 | Scout Tower |
| 11:51 | Scout Tower |
| 11:52 | Scout Tower |
| 11:52 | Scout Tower |
| 11:54 | Peasant |
| 11:54 | Peasant |
| 11:56 | Imbued Masonry |
| 11:59 | Orb of Lightning |
| 12:44 | Scout Tower |
| 12:44 | Scout Tower |
| 12:45 | Scout Tower |
| 12:45 | Scout Tower |
| 12:47 | Guard Tower |
| 12:48 | Peasant |
| 12:49 | Peasant |
| 12:51 | Scout Tower |
| 12:51 | Scout Tower |
| 12:52 | Scout Tower |
| 12:52 | Scout Tower |
| 12:59 | Guard Tower |
| 13:17 | Scout Tower |
| 13:17 | Scout Tower |
| 13:19 | Scout Tower |
| 13:19 | Scout Tower |
| 13:22 | Magic Sentry |
| 13:22 | Priest Adept Training |
| 13:23 | Sorceress Adept Training |
| 13:24 | Guard Tower |
| 13:33 | Guard Tower |
| 13:36 | Guard Tower |
| 13:42 | Scout Tower |
| 13:43 | Scout Tower |
| 14:13 | Guard Tower |
| 14:15 | Scout Tower |
| 14:16 | Scout Tower |
| 14:17 | Scout Tower |
| 14:17 | Scout Tower |
| 14:18 | Scout Tower |
| 14:19 | Scout Tower |
| 14:23 | Guard Tower |
| 14:24 | Scout Tower |
| 14:25 | Scout Tower |
| 14:25 | Scout Tower |
| 14:26 | Scout Tower |
| 14:27 | Scout Tower |
| 14:34 | Healing Salve |
| 14:38 | Guard Tower |
| 14:40 | Scout Tower |
| 14:41 | Scout Tower |
| 14:41 | Scout Tower |
| 14:58 | Guard Tower |
| 15:00 | Scout Tower |
| 15:00 | Scout Tower |
| 15:01 | Scout Tower |
| 15:01 | Scout Tower |
| 15:02 | Scout Tower |
| 15:41 | Blizzard |
| 15:46 | Town Hall |
| 15:58 | Guard Tower |
| 16:00 | Scout Tower |
| 16:00 | Scout Tower |
| 16:01 | Scout Tower |
| 16:01 | Scout Tower |
| 16:04 | Guard Tower |
| 16:06 | Guard Tower |
| 16:10 | Farm |
| 17:02 | Guard Tower |
| 17:12 | Guard Tower |
| 17:14 | Guard Tower |
| 17:14 | Scout Tower |
| 17:15 | Scout Tower |
| 17:16 | Scout Tower |
| 17:37 | Staff of Sanctuary |
| 17:41 | Gryphon Aviary |
| 17:43 | Barracks |
| 17:54 | Barracks |
| 17:54 | Guard Tower |
| 18:08 | Holy Light |
| 18:58 | Guard Tower |
| 19:00 | Scout Tower |
| 19:02 | Scout Tower |
| 19:04 | Scout Tower |
| 19:04 | Scout Tower |
| 19:05 | Scout Tower |
| 19:09 | Blacksmith |
| 19:13 | Cloud |
| 19:15 | Priest Master Training |
| 19:15 | Sorceress Master Training |
| 19:18 | Arcane Tower |
| 19:52 | Orb of Lightning |
| 20:03 | Staff of Sanctuary |
| 20:20 | Scout Tower |
| 20:20 | Scout Tower |
| 20:21 | Scout Tower |
| 20:22 | Scout Tower |
| 20:24 | Studded Leather Armor |
| 20:25 | Animal War Training |
| 20:26 | Iron Forged Swords |
| 20:27 | Scout Tower |
| 20:28 | Scout Tower |
| 20:28 | Scout Tower |
| 20:28 | Scout Tower |
| 20:46 | Dragonhawk Rider |
| 20:46 | Dragonhawk Rider |
| 20:55 | Guard Tower |
| 20:56 | Scout Tower |
| 20:57 | Scout Tower |
| 20:57 | Scout Tower |
| 21:01 | Guard Tower |
| 21:23 | Dragonhawk Rider |
| 22:06 | Guard Tower |
| 22:11 | Scout Tower |
| 22:11 | Scout Tower |
| 22:12 | Scout Tower |
| 22:12 | Scout Tower |
| 22:13 | Scout Tower |
| 22:14 | Scout Tower |
| 22:18 | Guard Tower |
| 22:23 | Scout Tower |
| 22:23 | Scout Tower |
| 22:24 | Scout Tower |
| 22:28 | Guard Tower |
| 22:30 | Scout Tower |
| 22:31 | Scout Tower |
| 22:31 | Scout Tower |
| 22:39 | Guard Tower |
| 22:42 | Reinforced Leather Armor |
| 22:42 | Steel Forged Swords |
| 23:35 | Guard Tower |
| 23:43 | Guard Tower |
| 23:49 | Guard Tower |
| 23:53 | Scout Tower |
| 23:54 | Scout Tower |
| 23:57 | Guard Tower |
| 23:59 | Guard Tower |
| 24:02 | Scout Tower |
| 24:02 | Scout Tower |
| 24:03 | Scout Tower |
| 24:38 | Sorceress |
| 24:50 | Guard Tower |
| 24:57 | Scout Tower |
| 25:02 | Scout Tower |
| 25:04 | Scout Tower |
| 25:15 | Guard Tower |
| 25:23 | Guard Tower |
| 26:06 | Divine Shield |
| 27:04 | Guard Tower |
| 27:06 | Scout Tower |
| 27:07 | Scout Tower |
| 27:31 | Scout Tower |
| 27:32 | Scout Tower |
| 27:32 | Scout Tower |
| 28:08 | Guard Tower |
| 29:05 | Mass Teleport |
| 29:25 | Guard Tower |
| 30:19 | Pocket Factory |
| 30:22 | Mechanical Critter |
| 30:22 | Mechanical Critter |
| 30:40 | Workshop |
| 30:44 | Staff of Sanctuary |
| 30:57 | Orb of Lightning |
| 31:23 | Dragonhide Armor |
| 31:24 | Mithril Forged Swords |
| 31:46 | Mortar Team |
| 31:59 | Ivory Tower |
| 31:59 | Ivory Tower |
| 32:02 | Mechanical Critter |
| 36:53 | Guard Tower |
| 37:21 | Guard Tower |
| 37:43 | Farm |
| 37:43 | Farm |
| 37:44 | Farm |
| 37:45 | Farm |
| 37:45 | Farm |
| 37:46 | Farm |
| 37:47 | Farm |
| 37:47 | Farm |
| 37:47 | Farm |
| 38:41 | Lumber Mill |
| 38:45 | Lumber Mill |
| 39:40 | Dragonhawk Rider |
| 41:08 | Dragonhawk Rider |
| 41:08 | Dragonhawk Rider |
| 41:08 | Dragonhawk Rider |
| 41:08 | Dragonhawk Rider |
| 41:08 | Dragonhawk Rider |
| 41:08 | Dragonhawk Rider |
| 41:09 | Dragonhawk Rider |
| 41:18 | Sorceress |
| 41:18 | Sorceress |
| 41:19 | Priest |
| 41:19 | Priest |
| 41:43 | Dragonhawk Rider |
| 41:43 | Dragonhawk Rider |
| 41:44 | Dragonhawk Rider |
| 41:44 | Dragonhawk Rider |
| 41:44 | Dragonhawk Rider |
| 41:44 | Dragonhawk Rider |
| 41:44 | Dragonhawk Rider |
| 42:50 | Scout Tower |
| 42:52 | Scout Tower |
| 42:54 | Scout Tower |
| 42:55 | Scout Tower |
| 42:58 | Scout Tower |
| 42:59 | Scout Tower |
| 43:02 | Scout Tower |
| 43:06 | Scout Tower |
| 43:27 | Dragonhawk Rider |
| 43:27 | Dragonhawk Rider |
| 43:27 | Dragonhawk Rider |
| 43:31 | Guard Tower |
| 43:41 | Guard Tower |
| 44:07 | Guard Tower |
| 44:28 | Scout Tower |
| 44:28 | Scout Tower |
| 44:29 | Scout Tower |
| 44:30 | Scout Tower |
| 44:31 | Scout Tower |
| 44:44 | Gryphon Aviary |
| 44:50 | Altar of Kings |
| 44:58 | Arcane Vault |
| 45:00 | Scout Tower |
| 45:01 | Scout Tower |
| 45:02 | Scout Tower |
| 45:03 | Scout Tower |
| 45:04 | Guard Tower |
| 45:06 | Scout Tower |
| 45:07 | Scout Tower |
| 45:08 | Guard Tower |
| 45:09 | Scout Tower |
| 45:10 | Scout Tower |
| 45:15 | Dragonhawk Rider |
| 45:15 | Dragonhawk Rider |
| 45:15 | Dragonhawk Rider |
| 45:38 | Guard Tower |
| 45:40 | Scout Tower |
| 45:40 | Scout Tower |
| 45:41 | Scout Tower |
| 45:43 | Scout Tower |
| 45:44 | Scout Tower |
| 45:46 | Scout Tower |
| 45:46 | Scout Tower |
| 46:11 | Guard Tower |
| 46:24 | Guard Tower |
| 46:48 | Guard Tower |
| 46:52 | Scout Tower |
| 46:53 | Scout Tower |
| 46:58 | Scout Tower |
| 47:12 | Guard Tower |
| 47:21 | Dragonhawk Rider |
| 47:21 | Dragonhawk Rider |
| 47:23 | Guard Tower |
| 47:24 | Guard Tower |
| 47:27 | Scout Tower |
| 47:30 | Scout Tower |
| 47:31 | Guard Tower |
| 47:59 | Scout Tower |
| 47:59 | Guard Tower |
| 48:10 | Arcane Tower |
| 48:15 | Scout Tower |
| 48:16 | Scout Tower |
| 48:20 | Scout Tower |
| 48:21 | Scout Tower |
| 48:21 | Scout Tower |
| 48:22 | Scout Tower |
| 48:28 | Arcane Tower |
| 49:34 | Guard Tower |
| 49:57 | Dragonhawk Rider |
| 49:57 | Dragonhawk Rider |
| 49:57 | Dragonhawk Rider |
| 50:27 | Arcane Tower |
| 51:02 | Town Hall |
| 51:10 | Town Hall |
| 52:06 | Lumber Mill |
| 52:23 | Dragonhawk Rider |
| 52:27 | Town Hall |
| 52:37 | Town Hall |
| 53:21 | Scout Tower |
| 53:22 | Scout Tower |
| 53:23 | Scout Tower |
| 54:43 | Arcane Tower |
| 55:50 | Keep |
| 58:08 | Mechanical Critter |
| 64:06 | Scroll of Town Portal |
| 64:06 | Scroll of Town Portal |
| 64:10 | Castle |
| 64:18 | Orb of Fire |
| 67:54 | Scroll of Town Portal |
| 67:54 | Orb of Fire |
| 72:54 | Orb of Fire |
| 75:30 | Orb of Fire |
| 79:57 | Orb of Fire |
| 82:39 | Orb of Fire |
| 87:48 | Orb of Fire |
| 90:20 | Orb of Fire |
| 106:52 | Holy Light |
| 111:59 | Keep |
| 114:08 | Divine Shield |
| 114:34 | Engineering Upgrade |
| 116:54 | Pocket Factory |
| 118:17 | Brilliance Aura |
| Right click | 3728 |
| Select group | 2640 |
| Chat | 1265 |
| Select | 1225 |
| Misc. action | 608 |
| Build/train/purchase | 375 |
| Use ability | 303 |
| Minimap ping | 182 |
| Assign group | 38 |
| Resource trade | 19 |
| Esc | 14 |
| Item give/drop | 11 |
| Remove unit | 1 |
255 units @ 36.6k
/ 5.1k
191 buildings @ 17.3k
/ 9.3k


| Peasant | 22 | 1650 | / | 0 |
| Footman | 4 | 540 | / | 0 |
| Rifleman | 8 | 1640 | / | 240 |
| Sorceress | 5 | 775 | / | 100 |
| Priest | 3 | 405 | / | 30 |
| Flying Machine | 18 | 1800 | / | 540 |
| Siege Engine | 5 | 975 | / | 300 |
| total: | 65 | 7785g | / | 1210w |
| Scout Tower | 4 | 120 | / | 80 |
| Arcane Tower | 3 | 210 | / | 150 |
| Altar of Kings | 1 | 180 | / | 50 |
| Farm | 14 | 1120 | / | 280 |
| Barracks | 2 | 320 | / | 120 |
| Blacksmith | 1 | 140 | / | 60 |
| Lumber Mill | 1 | 120 | / | 0 |
| Town Hall | 2 | 770 | / | 410 |
| Arcane Vault | 1 | 130 | / | 30 |
| Arcane Sanctum | 2 | 300 | / | 280 |
| Workshop | 3 | 420 | / | 420 |
| Keep | 2 | 640 | / | 420 |
| Castle | 1 | 360 | / | 210 |
| total: | 31 | 3620g | / | 1730w |
| 0:04 | Altar of Kings |
| 0:07 | Farm |
| 0:08 | Peasant |
| 0:09 | Peasant |
| 0:39 | Peasant |
| 0:48 | Barracks |
| 0:50 | Peasant |
| 0:57 | Peasant |
| 1:06 | Farm |
| 1:13 | Peasant |
| 1:33 | Peasant |
| 1:37 | Peasant |
| 1:50 | Farm |
| 1:52 | Footman |
| 1:57 | Farm |
| 1:59 | Peasant |
| 2:07 | Summon Water Elemental |
| 2:24 | Footman |
| 2:32 | Blacksmith |
| 2:34 | Peasant |
| 2:44 | Farm |
| 3:33 | Footman |
| 3:58 | Footman |
| 4:07 | Scout Tower |
| 4:14 | Farm |
| 4:38 | Arcane Tower |
| 4:42 | Scout Tower |
| 4:46 | Peasant |
| 4:46 | Peasant |
| 5:03 | Lumber Mill |
| 5:19 | Farm |
| 5:25 | Arcane Tower |
| 5:28 | Scout Tower |
| 6:02 | Keep |
| 6:08 | Arcane Tower |
| 7:32 | Brilliance Aura |
| 7:37 | Rifleman |
| 7:40 | Black Gunpowder |
| 8:11 | Rifleman |
| 8:22 | Town Hall |
| 8:36 | Barracks |
| 8:45 | Arcane Sanctum |
| 9:08 | Refined Gunpowder |
| 9:10 | Long Rifles |
| 9:40 | Arcane Sanctum |
| 9:44 | Rifleman |
| 9:46 | Rifleman |
| 10:12 | Sorceress |
| 10:27 | Farm |
| 11:00 | Sorceress |
| 11:19 | Brilliance Aura |
| 11:30 | Farm |
| 11:37 | Priest |
| 11:41 | Farm |
| 11:48 | Peasant |
| 11:48 | Peasant |
| 11:48 | Peasant |
| 11:49 | Peasant |
| 12:05 | Sorceress Adept Training |
| 12:07 | Priest Adept Training |
| 12:22 | Peasant |
| 12:22 | Peasant |
| 12:45 | Holy Light |
| 12:54 | Sorceress |
| 12:56 | Priest |
| 13:00 | Rifleman |
| 13:03 | Studded Leather Armor |
| 13:15 | Arcane Vault |
| 13:41 | Sorceress |
| 13:42 | Priest |
| 13:45 | Rifleman |
| 14:28 | Castle |
| 14:39 | Magic Sentry |
| 14:42 | Sorceress |
| 15:08 | Rifleman |
| 15:15 | Reinforced Leather Armor |
| 17:19 | Devotion Aura |
| 17:34 | Summon Water Elemental |
| 17:52 | Rifleman |
| 19:19 | Workshop |
| 19:22 | Workshop |
| 19:28 | Imbued Gunpowder |
| 19:48 | Workshop |
| 20:33 | Flying Machine Bombs |
| 20:35 | Flak Cannons |
| 20:39 | Farm |
| 20:50 | Flying Machine |
| 21:02 | Farm |
| 21:07 | Flying Machine |
| 21:07 | Flying Machine |
| 21:14 | Dragonhide Armor |
| 21:20 | Iron Plating |
| 21:41 | Keep |
| 22:05 | Peasant |
| 22:05 | Peasant |
| 22:09 | Flying Machine |
| 22:09 | Flying Machine |
| 22:09 | Flying Machine |
| 22:10 | Flying Machine |
| 22:11 | Flying Machine |
| 22:27 | Scout Tower |
| 22:43 | Flying Machine |
| 22:43 | Flying Machine |
| 22:43 | Flying Machine |
| 22:52 | Steel Plating |
| 23:38 | Flying Machine |
| 23:38 | Flying Machine |
| 23:39 | Flying Machine |
| 24:00 | Improved Lumber Harvesting |
| 24:03 | Farm |
| 24:46 | Farm |
| 26:01 | Flying Machine |
| 26:02 | Flying Machine |
| 26:02 | Flying Machine |
| 26:02 | Flying Machine |
| 27:23 | Town Hall |
| 28:05 | Barrage |
| 28:24 | Siege Engine |
| 28:26 | Siege Engine |
| 29:30 | Siege Engine |
| 30:53 | Siege Engine |
| 31:32 | Siege Engine |
| 32:43 | Peasant |
| 32:43 | Peasant |
| 34:02 | Sorceress Master Training |
| Right click | 958 |
| Select | 519 |
| Select group | 176 |
| Build/train/purchase | 113 |
| Misc. action | 78 |
| Assign group | 14 |
| Use ability | 3 |
| Minimap ping | 3 |
| Item give/drop | 1 |


| Peon | 29 | 2175 | / | 0 |
| Demolisher | 24 | 5280 | / | 1200 |
| Shaman | 10 | 1300 | / | 200 |
| Troll Headhunter | 4 | 560 | / | 80 |
| Troll Berserker | 11 | 1540 | / | 220 |
| Troll Batrider | 2 | 320 | / | 80 |
| Grunt | 11 | 2200 | / | 0 |
| Troll Witch Doctor | 2 | 290 | / | 50 |
| Raider | 3 | 540 | / | 120 |
| Polar Furbolg Shaman | 1 | 275 | / | 30 |
| Barbed Arachnathid | 1 | 95 | / | 5 |
| total: | 98 | 14575g | / | 1985w |
| Watch Tower | 31 | 3410 | / | 2480 |
| Orc Burrow | 7 | 1120 | / | 280 |
| Altar of Storms | 1 | 180 | / | 50 |
| War Mill | 2 | 410 | / | 0 |
| Barracks | 3 | 540 | / | 150 |
| Voodoo Lounge | 1 | 130 | / | 30 |
| Great Hall | 2 | 770 | / | 370 |
| Spirit Lodge | 3 | 450 | / | 450 |
| Beastiary | 1 | 145 | / | 140 |
| Stronghold | 2 | 630 | / | 380 |
| Fortress | 5 | 1625 | / | 950 |
| Scout Tower | 44 | 1320 | / | 880 |
| Guard Tower | 9 | 630 | / | 450 |
| total: | 95 | 8475g | / | 4830w |
| 0:05 | Orc Burrow |
| 0:06 | Peon |
| 0:07 | Peon |
| 0:23 | Altar of Storms |
| 0:35 | Peon |
| 0:43 | Peon |
| 1:00 | Peon |
| 1:16 | Peon |
| 1:54 | War Mill |
| 2:00 | Stronghold |
| 2:21 | Barracks |
| 2:40 | Feral Spirit |
| 2:46 | Orc Burrow |
| 4:56 | Steel Ranged Weapons |
| 5:01 | Spirit Lodge |
| 5:03 | Spirit Lodge |
| 5:06 | Fortress |
| 5:14 | Demolisher |
| 5:43 | Barracks |
| 5:45 | Barracks |
| 6:11 | Spirit Lodge |
| 6:32 | Orc Burrow |
| 7:05 | Demolisher |
| 7:22 | Shaman Adept Training |
| 7:27 | Peon |
| 7:27 | Peon |
| 8:06 | Burning Oil |
| 8:08 | Peon |
| 8:09 | Peon |
| 8:22 | Shaman |
| 8:22 | Shaman |
| 8:41 | Shaman Master Training |
| 8:46 | Orc Burrow |
| 9:03 | Shaman |
| 9:05 | Shaman |
| 9:22 | Demolisher |
| 9:25 | Demolisher |
| 9:44 | Demolisher |
| 9:49 | Shaman |
| 9:50 | Shaman |
| 9:58 | Troll Headhunter |
| 9:58 | Troll Headhunter |
| 10:21 | Demolisher |
| 10:23 | Demolisher |
| 10:33 | Orc Burrow |
| 10:38 | Orc Burrow |
| 10:40 | Thorium Ranged Weapons |
| 11:01 | Beastiary |
| 11:37 | Troll Headhunter |
| 11:37 | Troll Headhunter |
| 13:07 | Berserker Upgrade |
| 13:08 | Troll Regeneration |
| 13:54 | Voodoo Lounge |
| 14:28 | Demolisher |
| 14:28 | Demolisher |
| 14:29 | Troll Berserker |
| 14:39 | Arcanite Ranged Weapons |
| 16:27 | Troll Berserker |
| 16:27 | Troll Berserker |
| 16:31 | Steel Armor |
| 17:06 | Troll Berserker |
| 17:06 | Demolisher |
| 17:10 | Orc Burrow |
| 18:21 | Far Sight |
| 18:48 | Demolisher |
| 18:48 | Demolisher |
| 18:48 | Demolisher |
| 19:20 | Thorium Armor |
| 20:20 | Demolisher |
| 20:20 | Demolisher |
| 20:53 | Shaman |
| 20:53 | Shaman |
| 21:41 | Demolisher |
| 21:41 | Demolisher |
| 22:02 | Feral Spirit |
| 22:34 | Great Hall |
| 23:25 | Troll Berserker |
| 24:13 | Watch Tower |
| 24:14 | Watch Tower |
| 24:15 | Watch Tower |
| 24:18 | Watch Tower |
| 24:19 | Watch Tower |
| 24:20 | Watch Tower |
| 26:14 | Watch Tower |
| 26:15 | Watch Tower |
| 26:17 | Watch Tower |
| 26:36 | Watch Tower |
| 26:40 | Watch Tower |
| 26:57 | Watch Tower |
| 26:59 | Watch Tower |
| 27:06 | Great Hall |
| 28:42 | Watch Tower |
| 28:59 | Stronghold |
| 29:47 | Troll Berserker |
| 29:48 | Troll Berserker |
| 29:50 | Troll Berserker |
| 29:50 | Troll Berserker |
| 30:00 | Steel Melee Weapons |
| 30:05 | Troll Batrider |
| 30:10 | Troll Batrider |
| 31:01 | Shaman |
| 31:02 | Shaman |
| 31:08 | War Mill |
| 32:21 | Berserker Strength |
| 32:23 | Grunt |
| 32:23 | Grunt |
| 32:30 | Thorium Melee Weapons |
| 33:01 | Pillage |
| 33:08 | Grunt |
| 33:08 | Grunt |
| 33:51 | Healing Wave |
| 33:58 | Grunt |
| 34:04 | Grunt |
| 34:04 | Grunt |
| 35:53 | Grunt |
| 35:53 | Grunt |
| 35:57 | Grunt |
| 37:50 | Witch Doctor Adept Training |
| 40:17 | Watch Tower |
| 40:19 | Watch Tower |
| 40:20 | Watch Tower |
| 40:22 | Watch Tower |
| 40:24 | Watch Tower |
| 40:25 | Watch Tower |
| 40:28 | Watch Tower |
| 40:29 | Watch Tower |
| 40:31 | Watch Tower |
| 41:27 | Watch Tower |
| 41:46 | Peon |
| 41:47 | Peon |
| 42:17 | Fortress |
| 42:23 | Fortress |
| 43:36 | Watch Tower |
| 44:10 | Grunt |
| 44:58 | Watch Tower |
| 45:00 | Peon |
| 45:00 | Peon |
| 45:00 | Peon |
| 45:01 | Peon |
| 45:11 | Watch Tower |
| 45:17 | Watch Tower |
| 45:27 | Watch Tower |
| 46:09 | Peon |
| 46:09 | Peon |
| 46:09 | Peon |
| 46:09 | Peon |
| 46:09 | Peon |
| 46:18 | Peon |
| 46:18 | Peon |
| 46:23 | Troll Berserker |
| 46:23 | Troll Berserker |
| 47:07 | Reinforced Defenses |
| 47:25 | Watch Tower |
| 47:32 | Watch Tower |
| 47:46 | Witch Doctor Master Training |
| 47:46 | Troll Witch Doctor |
| 48:19 | Chain Lighting |
| 48:29 | Demolisher |
| 48:54 | Troll Witch Doctor |
| 49:24 | Demolisher |
| 49:40 | Peon |
| 49:40 | Peon |
| 50:13 | Spiked Barricades |
| 51:00 | Peon |
| 51:00 | Peon |
| 51:00 | Peon |
| 52:03 | Demolisher |
| 52:14 | Raider |
| 52:15 | Ensnare |
| 52:29 | Peon |
| 54:40 | Raider |
| 54:40 | Raider |
| 54:42 | Arcanite Melee Weapons |
| 58:16 | Demolisher |
| 58:16 | Demolisher |
| 59:54 | Feral Spirit |
| 60:12 | Demolisher |
| 60:12 | Demolisher |
| 69:35 | Earth Quake |
| 97:06 | Polar Furbolg Shaman |
| 97:12 | Barbed Arachnathid |
| 112:12 | Scout Tower |
| 112:13 | Scout Tower |
| 112:19 | Scout Tower |
| 112:22 | Scout Tower |
| 112:28 | Scout Tower |
| 112:32 | Scout Tower |
| 112:33 | Scout Tower |
| 112:34 | Scout Tower |
| 112:35 | Scout Tower |
| 112:37 | Scout Tower |
| 112:38 | Scout Tower |
| 112:39 | Scout Tower |
| 112:40 | Scout Tower |
| 112:41 | Scout Tower |
| 112:42 | Scout Tower |
| 112:44 | Scout Tower |
| 113:08 | Guard Tower |
| 113:59 | Guard Tower |
| 114:04 | Scout Tower |
| 114:05 | Scout Tower |
| 114:05 | Scout Tower |
| 114:06 | Scout Tower |
| 114:07 | Scout Tower |
| 114:08 | Scout Tower |
| 114:09 | Scout Tower |
| 114:19 | Scout Tower |
| 114:20 | Scout Tower |
| 115:30 | Scout Tower |
| 115:31 | Scout Tower |
| 115:41 | Scout Tower |
| 115:43 | Scout Tower |
| 115:44 | Scout Tower |
| 115:45 | Scout Tower |
| 115:47 | Scout Tower |
| 115:48 | Scout Tower |
| 115:48 | Scout Tower |
| 115:49 | Scout Tower |
| 115:49 | Scout Tower |
| 115:51 | Scout Tower |
| 115:51 | Scout Tower |
| 115:53 | Scout Tower |
| 115:53 | Scout Tower |
| 115:56 | Scout Tower |
| 116:02 | Scout Tower |
| 116:08 | Scout Tower |
| 116:12 | Guard Tower |
| 116:30 | Guard Tower |
| 116:32 | Scout Tower |
| 116:38 | Guard Tower |
| Right click | 3461 |
| Select | 1321 |
| Select group | 1105 |
| Misc. action | 559 |
| Build/train/purchase | 189 |
| Chat | 110 |
| Use ability | 108 |
| Assign group | 65 |
| Remove unit | 20 |
| Esc | 6 |
| Minimap ping | 5 |
Ezezsg
(2)
(107:07) : 

| Scroll of Regeneration | 1 | 100 |
| Orb of Fire | 1 | 325 |
| Ivory Tower | 2 | 80 |
| total: | 4 | 505g |
| Peasant | 27 | 2025 | / | 0 |
| Footman | 8 | 1080 | / | 0 |
| Sorceress | 5 | 775 | / | 100 |
| Priest | 3 | 405 | / | 30 |
| Spell Breaker | 13 | 2795 | / | 390 |
| Dragonhawk Rider | 26 | 5200 | / | 780 |
| Siege Engine | 10 | 1950 | / | 600 |
| total: | 92 | 14230g | / | 1900w |
| Scout Tower | 37 | 1110 | / | 740 |
| Arcane Tower | 23 | 1610 | / | 1150 |
| Guard Tower | 8 | 560 | / | 400 |
| Altar of Kings | 1 | 180 | / | 50 |
| Farm | 14 | 1120 | / | 280 |
| Barracks | 1 | 160 | / | 60 |
| Arcane Vault | 1 | 130 | / | 30 |
| Lumber Mill | 1 | 120 | / | 0 |
| Blacksmith | 1 | 140 | / | 60 |
| Town Hall | 4 | 1540 | / | 820 |
| Arcane Sanctum | 2 | 300 | / | 280 |
| Gryphon Aviary | 2 | 280 | / | 300 |
| Workshop | 1 | 140 | / | 140 |
| Keep | 1 | 320 | / | 210 |
| Castle | 1 | 360 | / | 210 |
| total: | 65 | 5220g | / | 2760w |
| 0:03 | Peasant |
| 0:04 | Peasant |
| 0:06 | Altar of Kings |
| 0:09 | Farm |
| 0:23 | Barracks |
| 0:26 | Peasant |
| 0:44 | Farm |
| 0:53 | Peasant |
| 0:57 | Peasant |
| 1:03 | Peasant |
| 1:13 | Peasant |
| 1:31 | Farm |
| 1:35 | Footman |
| 2:07 | Footman |
| 2:11 | Flame Strike |
| 2:16 | Footman |
| 2:17 | Footman |
| 3:24 | Siphon Mana |
| 3:30 | Footman |
| 3:39 | Peasant |
| 3:57 | Keep |
| 3:59 | Footman |
| 4:04 | Farm |
| 4:05 | Farm |
| 4:16 | Footman |
| 4:17 | Footman |
| 5:01 | Arcane Vault |
| 5:10 | Lumber Mill |
| 6:27 | Flame Strike |
| 6:42 | Arcane Sanctum |
| 6:46 | Improved Lumber Harvesting |
| 6:51 | Arcane Sanctum |
| 7:09 | Scroll of Regeneration |
| 7:32 | Brilliance Aura |
| 8:10 | Gryphon Aviary |
| 8:38 | Blacksmith |
| 8:44 | Sorceress |
| 8:45 | Priest |
| 8:47 | Spell Breaker |
| 8:47 | Spell Breaker |
| 9:22 | Farm |
| 9:23 | Farm |
| 9:25 | Farm |
| 9:30 | Blizzard |
| 9:39 | Sorceress |
| 9:39 | Priest |
| 9:43 | Spell Breaker |
| 10:13 | Spell Breaker |
| 10:29 | Dragonhawk Rider |
| 10:30 | Dragonhawk Rider |
| 10:30 | Dragonhawk Rider |
| 10:41 | Castle |
| 11:23 | Farm |
| 11:25 | Farm |
| 11:26 | Farm |
| 11:41 | Iron Plating |
| 11:59 | Dragonhawk Rider |
| 12:27 | Magic Sentry |
| 13:03 | Peasant |
| 13:07 | Dragonhawk Rider |
| 13:21 | Priest |
| 13:22 | Sorceress |
| 13:50 | Siphon Mana |
| 13:52 | Brilliance Aura |
| 14:11 | Steel Plating |
| 14:16 | Town Hall |
| 14:51 | Sorceress |
| 15:01 | Spell Breaker |
| 15:01 | Spell Breaker |
| 15:26 | Sorceress Adept Training |
| 15:26 | Priest Adept Training |
| 16:15 | Priest Master Training |
| 16:52 | Farm |
| 16:56 | Farm |
| 16:57 | Farm |
| 16:58 | Advanced Lumber Harvesting |
| 17:05 | Spell Breaker |
| 18:49 | Mithril Plating |
| 18:50 | Dragonhawk Rider |
| 18:51 | Dragonhawk Rider |
| 18:51 | Dragonhawk Rider |
| 19:20 | Peasant |
| 19:20 | Peasant |
| 19:20 | Peasant |
| 19:22 | Peasant |
| 20:40 | Dragonhawk Rider |
| 20:40 | Dragonhawk Rider |
| 20:41 | Dragonhawk Rider |
| 20:42 | Dragonhawk Rider |
| 21:03 | Sorceress Master Training |
| 22:40 | Spell Breaker |
| 22:40 | Spell Breaker |
| 22:41 | Spell Breaker |
| 22:41 | Spell Breaker |
| 24:03 | Spell Breaker |
| 24:04 | Spell Breaker |
| 24:51 | Iron Forged Swords |
| 24:52 | Studded Leather Armor |
| 24:53 | Black Gunpowder |
| 27:05 | Workshop |
| 27:23 | Town Hall |
| 28:35 | Siege Engine |
| 28:36 | Siege Engine |
| 28:39 | Siege Engine |
| 29:23 | Improved Masonry |
| 30:38 | Scout Tower |
| 30:38 | Scout Tower |
| 30:39 | Scout Tower |
| 30:40 | Scout Tower |
| 30:41 | Scout Tower |
| 30:43 | Scout Tower |
| 31:36 | Arcane Tower |
| 31:57 | Peasant |
| 31:57 | Peasant |
| 32:45 | Scout Tower |
| 32:45 | Scout Tower |
| 32:46 | Scout Tower |
| 32:46 | Scout Tower |
| 32:47 | Scout Tower |
| 32:48 | Scout Tower |
| 33:38 | Arcane Tower |
| 33:46 | Peasant |
| 33:46 | Peasant |
| 34:02 | Advanced Masonry |
| 34:04 | Arcane Tower |
| 34:09 | Peasant |
| 34:33 | Arcane Tower |
| 35:03 | Arcane Tower |
| 35:27 | Arcane Tower |
| 35:32 | Scout Tower |
| 35:37 | Scout Tower |
| 35:47 | Scout Tower |
| 35:52 | Peasant |
| 35:53 | Peasant |
| 36:14 | Arcane Tower |
| 36:25 | Imbued Masonry |
| 37:27 | Blizzard |
| 37:35 | Flame Strike |
| 38:00 | Sorceress |
| 38:04 | Peasant |
| 39:12 | Reinforced Leather Armor |
| 39:12 | Steel Forged Swords |
| 39:13 | Refined Gunpowder |
| 40:55 | Town Hall |
| 41:48 | Dragonhide Armor |
| 41:49 | Mithril Forged Swords |
| 43:03 | Imbued Gunpowder |
| 44:13 | Cloud |
| 45:10 | Peasant |
| 45:10 | Peasant |
| 45:10 | Peasant |
| 45:10 | Peasant |
| 45:59 | Scout Tower |
| 46:00 | Scout Tower |
| 46:01 | Scout Tower |
| 46:02 | Scout Tower |
| 46:02 | Scout Tower |
| 46:03 | Scout Tower |
| 47:11 | Arcane Tower |
| 47:39 | Arcane Tower |
| 48:17 | Arcane Tower |
| 48:33 | Arcane Tower |
| 49:28 | Arcane Tower |
| 49:40 | Arcane Tower |
| 49:45 | Scout Tower |
| 49:46 | Scout Tower |
| 50:33 | Arcane Tower |
| 50:44 | Arcane Tower |
| 51:13 | Barrage |
| 52:26 | Orb of Fire |
| 52:34 | Siege Engine |
| 52:34 | Siege Engine |
| 52:35 | Siege Engine |
| 52:35 | Siege Engine |
| 52:35 | Siege Engine |
| 52:36 | Siege Engine |
| 52:36 | Siege Engine |
| 58:20 | Control Magic |
| 64:36 | Brilliance Aura |
| 66:44 | Town Hall |
| 67:55 | Scout Tower |
| 67:56 | Scout Tower |
| 67:56 | Scout Tower |
| 67:57 | Scout Tower |
| 67:58 | Scout Tower |
| 67:58 | Scout Tower |
| 67:59 | Scout Tower |
| 68:00 | Scout Tower |
| 69:44 | Arcane Tower |
| 70:00 | Arcane Tower |
| 70:26 | Arcane Tower |
| 70:53 | Arcane Tower |
| 71:32 | Arcane Tower |
| 72:07 | Arcane Tower |
| 72:17 | Arcane Tower |
| 73:00 | Arcane Tower |
| 75:44 | Scout Tower |
| 77:01 | Guard Tower |
| 77:39 | Scout Tower |
| 78:08 | Guard Tower |
| 78:21 | Scout Tower |
| 79:10 | Guard Tower |
| 80:01 | Scout Tower |
| 80:49 | Guard Tower |
| 81:16 | Scout Tower |
| 82:07 | Guard Tower |
| 82:19 | Scout Tower |
| 83:37 | Guard Tower |
| 84:15 | Ivory Tower |
| 84:15 | Ivory Tower |
| 86:04 | Guard Tower |
| 86:54 | Guard Tower |
| 88:57 | Peasant |
| 89:15 | Gryphon Aviary |
| 90:36 | Dragonhawk Rider |
| 90:36 | Dragonhawk Rider |
| 90:38 | Dragonhawk Rider |
| 90:38 | Dragonhawk Rider |
| 90:38 | Dragonhawk Rider |
| 90:38 | Dragonhawk Rider |
| 90:39 | Dragonhawk Rider |
| 90:43 | Peasant |
| 91:48 | Dragonhawk Rider |
| 91:50 | Dragonhawk Rider |
| 92:28 | Dragonhawk Rider |
| 92:35 | Dragonhawk Rider |
| 93:23 | Dragonhawk Rider |
| 93:24 | Dragonhawk Rider |
| 93:36 | Dragonhawk Rider |
| Right click | 1039 |
| Select group | 656 |
| Select | 629 |
| Build/train/purchase | 178 |
| Assign group | 33 |
| Use ability | 28 |
| Resource trade | 6 |
| Remove unit | 4 |
| Item give/drop | 3 |